 Dungeon Crawl Stone Soup version 0.23-a0-183-gf37f6fb (webtiles) character file.

14 Felrender the Skirmisher (level 2, 24/24 HPs)
             Began as a Demonspawn Fighter on Sept 22, 2018.
             Quit the game on level 2 of the Dungeon.
             The game lasted 00:01:04 (402 turns).

Felrender the Skirmisher (Demonspawn Fighter)        Turns: 402, Time: 00:01:04

Health: 24/24      AC:  8    Str: 14    XL:     2   Next: 31%
Magic:  2/2        EV:  6    Int:  9    God:
Gold:   42         SH:  8    Dex: 12    Spells: 1/1 levels left

rFire    . . .     SeeInvis .   a - +0 long sword
rCold    . . .     Gourm    .   c - +0 shield
rNeg     . . .     Faith    .   b - +0 scale mail
rPois    .         Spirit   .   (helmet restricted)
rElec    .         Reflect  .   (no cloak)
rCorr    .         Harm     .   (no gloves)
MR       .....                  (no boots)
Stlth    ..........             (no amulet)
HPRegen  0.08/turn              (no ring)
MPRegen  0.08/turn              (no ring)

@: no status effects
A: antennae 1, thin metallic scales 1, weak 1
a: no special abilities


You were on level 2 of the Dungeon.
You were not hungry.

You visited 1 branch of the dungeon, and saw 2 of its levels.

You collected 42 gold pieces.

Inventory:

Hand Weapons
 a - a +0 long sword (weapon)
Armour
 b - a +0 scale mail (worn)
 c - a +0 shield (worn)
Potions
 d - a potion of might
Comestibles
 f - 2 rations
 g - 2 chunks of flesh


   Skills:
 + Level 3.2 Fighting
 + Level 1.8 Long Blades
 + Level 3.0 Armour
 + Level 2.8 Shields


You had one spell level left.
You didn't know any spells.
Your spell library was empty.

Dungeon Overview and Level Annotations

Branches:
Dungeon (1/15)

Altars:


Innate Abilities, Weirdness & Mutations

You are partially covered in thin metallic scales. (AC +2)
You have a pair of small antennae on your head.
You are weak. (Str -2)


Message History

You float gracefully downwards.
You start resting.
All of the chunks of flesh in your inventory have rotted away.
HP restored.
You see here an adder corpse.
You butcher the adder corpse.
g - 2 chunks of flesh
f - 2 rations (gained 1)
You now have 42 gold pieces (gained 8).
Found a spear.
e - a sedimented ruby potion
h - a scroll labeled OXTIMY APN
As you read the scroll labeled OXTIMY APN, it crumbles to dust.
It is a scroll of identify.
e - a potion of mutation Unknown command.
You feel extremely strange.
You feel weaker. A pair of antennae grows on your head!
Unknown command.
Are you sure you want to abandon this character and quit the game? (Confirm

#(........#
########....##
#.........#
#..........#
#.........#
#..........#
#.........#
#..........#
#.........#
#..........#
#.........#
#..........#
###########
#..........#
#..........#
#@.........#
#.)........#
#..........#
############


There were no monsters in sight!

Vanquished Creatures
  An adder (D:2)
  A goblin (D:1)
  2 hobgoblins
  A kobold (D:2)
5 creatures vanquished.

Notes
Turn   | Place    | Note
-------+----------+-------------------------------------------
     0 | D:1      | Felrender the Demonspawn Fighter began the quest for the
                  | Orb.
     0 | D:1      | Reached XP level 1. HP: 18/18 MP: 1/1
   110 | D:1      | You fall through a shaft!
   189 | D:2      | Gained mutation: You are partially covered in thin metallic
                  | scales. (AC +2) [demonic ancestry]
   189 | D:2      | Reached XP level 2. HP: 17/24 MP: 2/2
   401 | D:2      | Gained mutation: You are weak. (Str -2) [potion of
                  | mutation]
   401 | D:2      | Gained mutation: You have a pair of small antennae on your
                  | head. [potion of mutation]
   402 | D:2      | Quit the game

Vault maps used:
D:1:      lightli_arrival_farm
D:2:      gammafunk_temple_overflow_wave, gammafunk_temple_overflow_pools,
          minmay_statues_item

Skill      XL: |  1 |
---------------+----+-----
Armour         | 3 |  3.0
Fighting       | |  3.2
Long Blades    | |  1.8
Shields        | |  2.8

Action                   || total
-------------------------++-------
Melee: Long sword        ||    31
  Use: Scroll            ||     4
       Potion            ||     2
Armor: Scale mail        ||    12
Dodge: Dodged            ||    13
Block: Shield            ||     9
       Rpst.: Long sword ||     3

Table legend:
 A = Non-vault XP
 B = Vault XP
 C = Vault XP percentage of total XP
 D = Non-vault monster count
 E = Vault monster count
 F = Vault count percentage of total count
                 A         B        C        D         E       F
            +---------+---------+-------+---------+---------+-------
      Total |      21 |       0 |   0.0 |       5 |       0 |   0.0
            +---------+---------+-------+---------+---------+-------
        D:1 |       4 |       0 |   0.0 |       2 |       0 |   0.0
        D:2 |      17 |       0 |   0.0 |       3 |       0 |   0.0
            +---------+---------+-------+---------+---------+-------
